Cogmind - Beta 16 @@@ ROGUE MODE // 2025.11.06 @ 16:44:48 Player: shapeshifter Result: Destroyed by G-34 Mercenary with Small Laser Performance ------------- Evolutions (0) 0 Regions Visited (4) 800 Robots Destroyed (20) 100 Value Destroyed (265) 265 Prototype IDs (23) 460 Alien Tech Used (0) 0 Bonus (300) 300 TOTAL SCORE: 1925 Bonus ------- Aligned with FarCom 300 Cogmind --------- Core Integrity 0/250 Matter 89/300 Energy 100/100 System Corruption 2% Temperature Cool (6) Movement Core (800) Ox15 Location -9/Mines Parts ------- > --- POWER (1) -------- (None) > --- PROPULSION (2) --- (None) > --- UTILITY (2) ------ High-capacity Storage Unit Medium Armor Plating > --- WEAPON (2) ------- Light Assault Rifle > --- INVENTORY (20) --- Cooling System Cooling System Cooling System Cooling System Small Storage Unit Medium Storage Unit Large Storage Unit Huge Storage Unit Superbattery (1500) Medium Armor Plating XL Autogun Array Grenade Launcher Longsword +1 Peak State ------------ > --- POWER ------------ Ion Engine > --- PROPULSION ------- Light Treads Wheel > --- UTILITY ---------- High-capacity Storage Unit Seismic Detector > --- WEAPON ----------- Longsword +1 > --- INVENTORY -------- Cooling System Cooling System Cooling System Cooling System Small Storage Unit Medium Storage Unit Large Storage Unit Huge Storage Unit Superbattery Medium Armor Plating Medium Armor Plating Medium Armor Plating Medium Armor Plating Light Assault Rifle Shotgun XL Autogun Array Grenade Launcher [Rating: 20] Favorites ----------- Power Ion Engine Engine Ion Engine Propulsion Light Treads Treads Light Treads Wheel Wheel Flight Unit Flight Unit Utility Seismic Detector Device Seismic Detector Storage Large Storage Unit Protection Medium Armor Plating Weapon Light Assault Rifle Ballistic Gun Light Assault Rifle Slashing Weapon Longsword +1 Build | -11 -10 -10 -10 -9 ------- Run | Yrd Mat Min Exi Min Slots Evolved . | . . . . . Power . | . . . . . Propulsion . | . . . . . Utility . | . . . . . Weapon . | . . . . . Parts Attached 24 | 7 2 4 3 8 Power 2 | 1 . 1 . . Engine 2 | 1 . 1 . . Core . | . . . . . Reactor . | . . . . . Propulsion 6 | 2 . 2 . 2 Treads 3 | 2 . 1 . . Leg . | . . . . . Wheel 2 | . . 1 . 1 Hover . | . . . . . Flight 1 | . . . . 1 Utility 8 | 2 1 . 2 3 Device 1 | 1 . . . . Storage 4 | 1 1 . 2 . Processor . | . . . . . Hackware . | . . . . . Protection 3 | . . . . 3 Artifact . | . . . . . Weapon 8 | 2 1 1 1 3 Energy Gun . | . . . . . Energy Cannon . | . . . . . Ballistic Gun 7 | 2 1 1 . 3 Ballistic Cannon . | . . . . . Launcher . | . . . . . Special Weapon . | . . . . . Impact Weapon . | . . . . . Slashing Weapon 1 | . . . 1 . Piercing Weapon . | . . . . . Special Melee Weapon . | . . . . . Unidentified Prototypes . | . . . . . Parts Lost 13 | . . 4 . 9 Power 2 | . . 1 . 1 Propulsion 5 | . . 2 . 3 Utility 3 | . . . . 3 Weapon 3 | . . 1 . 2 Highest Loss Streak 4 | . . 4 . 4 To Critical Strikes . | . . . . . Average Backups 12 | 3 12 13 14 15 Power . | . 1 . . . Propulsion 1 | 1 1 1 . . Utility 8 | . 6 9 10 12 Weapon 2 | . 2 2 3 3 Tool/Special . | . . . . . Unused Backups 15 | . 4 . . 11 Power . | . . . . . Propulsion 1 | . 1 . . . Utility 9 | . . . . 9 Weapon 5 | . 3 . . 2 Tool/Special . | . . . . . Average Slot Usage (%) 91 | . 99 96 76 82 Engine 13 | . 13 14 14 13 Treads 20 | . 27 24 14 . Wheel 4 | . . 1 14 11 Device 12 | . 14 14 13 3 Storage 14 | . 14 14 14 14 Protection 1 | . . . . 9 Ballistic Gun 21 | . 28 26 . 26 Slashing Weapon 1 | . . . 5 . Peak Build Rating 20 | 7 9 10 20 15 Average Rating 9 | 5 8 9 11 13 On Entrance 9 | . 7 9 10 20 Avg Prop Armor Cover (%) 16 | . . 12 17 5 Naked Turns . | . . . . . Heaviest Build 54 | 14 29 30 49 54 Greatest Support 40 | 40 40 40 10 10 Greatest Overweight (x) 17 | . 1 2 4 17 Average Overweight (x) 1 | . . . 2 5 Largest Inventory Capacity 20 | 8 15 15 20 20 Average Capacity 15 | 7 14 15 16 20 Most Carried 20 | 5 15 15 20 20 Average Carried 13 | 3 12 13 15 18 Final Capacity 20 | 8 15 15 20 20 Final Carried 20 | 4 15 11 20 16 Class Distribution -------------------- 100% | Mutant Dominant Class ---------------- Mutant | -10/Materials Mutant | -10/Mines Mutant | -10/Exiles Mutant | -9/Mines Resources | -11 -10 -10 -10 -9 ----------- Run | Yrd Mat Min Exi Min Matter Collected 554 | 318 133 48 . 55 Remotely . | . . . . . Salvage Created 421 | 140 134 26 . 121 Parts 41 | 10 14 5 . 12 Haulers Intercepted 1 | . 1 . . . Recyclers Shooed . | . . . . . Parts Field Recycled . | . . . . . Retrieved Matter . | . . . . . Parts Self-Destructed . | . . . . . Prevented . | . . . . . Parts Restored . | . . . . . Kills | -11 -10 -10 -10 -9 ------- Run | Yrd Mat Min Exi Min Combat Hostiles Destroyed 13 | . 6 3 . 4 Guns 13 | . 6 3 . 4 Classes Destroyed 7 | 2 3 1 . 1 Worker 2 | . 1 . . 1 Tunneler 3 | 3 . . . . Hauler 1 | . 1 . . . Recycler 1 | 1 . . . . Swarmer 10 | . 6 2 . 2 Grunt 2 | . . . . 2 Demolisher 1 | . . 1 . . Best Kill Streak 3 | 2 3 3 . 3 Combat Bots Only 3 | . 3 3 . 2 Max Kills in Single Turn 1 | 1 1 1 . 1 Gunslinging . | . . . . . Exploded . | . . . . . Melee . | . . . . . Uniques/NPCs Destroyed . | . . . . . Combat | -11 -10 -10 -10 -9 -------- Run | Yrd Mat Min Exi Min Hostile Shots Fired 146 | . 51 22 . 73 Missed 36 | . 14 5 . 17 Hits 110 | . 37 17 . 56 Melee 9 | . . . . 9 Projectile 101 | . 37 17 . 47 AOE 9 | . . 9 . . Critical Strikes 1 | . . . . 1 Damage Taken 1591 | . 289 480 . 822 Core 256 | . 20 112 . 124 Absorbed by Shields . | . . . . . Core Remaining (%) 100 | 100 . . . . Volleys Fired 82 | 12 31 8 . 31 Largest 2 | 2 2 2 . 2 Hottest 43 | 40 40 43 . 43 Shots Fired 153 | 24 62 13 . 54 Gun 153 | 24 62 13 . 54 Cannon . | . . . . . Launcher . | . . . . . Special . | . . . . . Kinetic 153 | 24 62 13 . 54 Thermal . | . . . . . Explosive . | . . . . . Electromagnetic . | . . . . . Robot Hit Streak 6 | 3 4 4 . 6 Robot Miss Streak 7 | 2 5 7 . 4 Penetration Max . | . . . . . Secondary Targets 3 | . 1 . . 2 Max Gunslinging Chain 1 | . 1 . . 1 Shots Hit Robots 79 | 12 31 7 . 29 Core Hits 33 | 4 11 7 . 11 Critical Kills . | . . . . . Critical Parts Destroyed 1 | . . . . 1 Critical Strikes 1 | . . . . 1 Destroy 1 | . . . . 1 Melee Attacks . | . . . . . Impact . | . . . . . Slashing . | . . . . . Piercing . | . . . . . Sneak Attacks . | . . . . . Combat Hostiles . | . . . . . Follow-up Attacks . | . . . . . Damage Inflicted 791 | 144 315 63 . 269 Guns 791 | 144 315 63 . 269 Cannons . | . . . . . Explosions . | . . . . . Melee . | . . . . . Ramming . | . . . . . Kinetic 791 | 144 315 63 . 269 Thermal . | . . . . . Explosive . | . . . . . Electromagnetic . | . . . . . Impact . | . . . . . Slashing . | . . . . . Piercing . | . . . . . Highest Corruption 2 | . 2 2 2 2 Average Corruption 2 | . 2 2 2 2 Corruption Purged . | . . . . . Corruption Blocked . | . . . . . Effects 23 | . 10 2 4 7 Message Errors 3 | . 2 . . 1 Matter Fused 7 | . 3 . 1 3 Heat Flow Errors 3 | . 2 . 1 . Energy Discharges 2 | . . 1 1 . Data Loss (minor) 4 | . 1 1 . 2 Data Loss (major) 1 | . . . 1 . Misfires 1 | . 1 . . . Alerts 1 | . . . . 1 Weapon Failures 1 | . 1 . . . Overload Shots . | . . . . . Overflow Damage . | . . . . . Projectiles . | . . . . . Explosions . | . . . . . Melee . | . . . . . Knockbacks . | . . . . . Impact . | . . . . . Kinetic . | . . . . . Secondary . | . . . . . Self-Inflicted Damage . | . . . . . Shots . | . . . . . Rammed . | . . . . . Targets Rammed . | . . . . . Kicked . | . . . . . Crushed . | . . . . . Highest Temperature 224 | . 183 2 224 94 Average Temperature 61 | . 112 1 114 37 Received Heat Transfer 248 | . . 20 . 228 Siege Activations . | . . . . . Martial Activations . | . . . . . Shielding Activations . | . . . . . Robots Disrupted . | . . . . . Combat Hostiles . | . . . . . Robots Corrupted . | . . . . . Combat Hostiles . | . . . . . Parts Fried . | . . . . . Impact Corruptions . | . . . . . Robots Melted . | . . . . . Combat Hostiles . | . . . . . Parts Melted . | . . . . . Heat Transferred . | . . . . . Parts Sabotaged . | . . . . . Parts Stolen . | . . . . . Parts Stripped . | . . . . . Power Chain Reactions . | . . . . . Alert | -11 -10 -10 -10 -9 ------- Run | Yrd Mat Min Exi Min Maximum Alert Level . | . . . . . Low Security (%) 100 | 100 100 100 . 100 Level 1 . | . . . . . Level 2 . | . . . . . Level 3 . | . . . . . Level 4 . | . . . . . Level 5 . | . . . . . High Security . | . . . . . Max Security . | . . . . . Peak Influence 86 | 10 86 40 . 55 Initial . | . . . . . Average 16 | 1 19 12 . 14 Influence Increases 441 | 20 225 76 . 120 Destroy 0b10 Robot/C 260 | . 120 60 . 80 Destroy 0b10 Robot/NC 35 | 20 10 . . 5 Destroy Leader 52 | . 22 10 . 20 Successful Hack 18 | . 12 6 . . Destroy Structure 1 | . 1 . . . Lose Combat Pursuer 75 | . 60 . . 15 Influence Decreases 441 | 20 225 46 30 120 Entered New Map 30 | . . . 30 . Time Decay 376 | 20 225 36 . 95 Lost Part 35 | . . 10 . 25 Squads Dispatched 1 | . 1 . . . Investigation . | . . . . . Extermination . | . . . . . Reinforcement 1 | . 1 . . . Assault . | . . . . . Garrison . | . . . . . Intercept . | . . . . . Searches Triggered . | . . . . . Construction Impeded . | . . . . . Haulers Reinforced . | . . . . . Active Scanning Responses . | . . . . . Cargo Convoy Interrupts . | . . . . . Stealth | -11 -10 -10 -10 -9 --------- Run | Yrd Mat Min Exi Min Distress Signals . | . . . . . Communications Jammed . | . . . . . Distress Signals . | . . . . . Times Spotted 25 | . 11 6 . 8 Peak Tracking Total 4 | . 3 3 . 4 Tactical Retreats 3 | . 2 . . 1 Traps | -11 -10 -10 -10 -9 ------- Run | Yrd Mat Min Exi Min Traps Triggered 3 | . 3 . . . Indirectly . | . . . . . Trap Hack Attempts . | . . . . . Triggered . | . . . . . Disarmed . | . . . . . Reprogrammed . | . . . . . Reused . | . . . . . Traps Extracted . | . . . . . Installed . | . . . . . Triggered . | . . . . . Machines | -11 -10 -10 -10 -9 ---------- Run | Yrd Mat Min Exi Min Machines Disabled . | . . . . . Max in Single Turn . | . . . . . Machines Repaired . | . . . . . Machines Dismantled . | . . . . . Machines Sabotaged . | . . . . . Overloaded Fab Kills . | . . . . . Hacking | -11 -10 -10 -10 -9 --------- Run | Yrd Mat Min Exi Min Machines Accessed 9 | . 6 1 2 . Terminals 7 | . 6 1 . . Fabricators . | . . . . . Repair Stations . | . . . . . Recycling Units . | . . . . . Scanalyzers . | . . . . . Garrison Access . | . . . . . Total Hacks 23 | . 19 2 2 . Successful 11 | . 8 1 2 . Failed 12 | . 11 1 . . Catastrophic 4 | . 4 . . . Database Lockouts . | . . . . . Manual 23 | . 20 2 1 . Terminals 21 | . 19 2 . . Fabricators . | . . . . . Repair Stations . | . . . . . Recycling Units . | . . . . . Scanalyzers . | . . . . . Garrison Access . | . . . . . Terminal Hacks 6 | . 3 1 2 . Record 1 | . . . 1 . Zone Layout 4 | . 3 1 . . Proto ID Catalog 1 | . . . 1 . Fabricator Hacks . | . . . . . Repair Station Hacks . | . . . . . Recycling Unit Hacks . | . . . . . Scanalyzer . | . . . . . Garrison Access Hacks . | . . . . . Unauthorized Hacks 5 | . 5 . . . Terminals 5 | . 5 . . . Skim 5 | . 5 . . . Fabricators . | . . . . . Repair Stations . | . . . . . Recycling Units . | . . . . . Scanalyzers . | . . . . . Garrison Access . | . . . . . Data Cores Recovered . | . . . . . Used . | . . . . . Hacking Detections 7 | . 6 1 . . Full Trace Events . | . . . . . Feedback Events . | . . . . . Feedback Blocked . | . . . . . Robot Schematics Acquired . | . . . . . Robots Built . | . . . . . Authchips . | . . . . . Time . | . . . . . Total Robot Build Rating . | . . . . . Part Schematics Acquired . | . . . . . Parts Built . | . . . . . Authchips . | . . . . . Time . | . . . . . Total Part Build Rating . | . . . . . Part Studies Acquired . | . . . . . Parts Repaired . | . . . . . Time . | . . . . . Parts Recycled . | . . . . . Recycled Matter . | . . . . . Retrieved Matter . | . . . . . Retrieved Components . | . . . . . Parts Scanalyzed . | . . . . . Part Schematics Acquired . | . . . . . Parts Damaged . | . . . . . Bothacking | -11 -10 -10 -10 -9 ------------ Run | Yrd Mat Min Exi Min Used RIF Installer . | . . . . . Robots Hacked . | . . . . . Non-combat . | . . . . . Combat . | . . . . . Robot Hacks Applied . | . . . . . Relay Couplers Released . | . . . . . Fabnet Peak Effective % . | . . . . . Robots Rewired . | . . . . . Allies Hacked . | . . . . . Hacks Repelled . | . . . . . Allies | -11 -10 -10 -10 -9 -------- Run | Yrd Mat Min Exi Min Total Allies . | . . . . . Largest Group . | . . . . . Highest-Rated Group . | . . . . . Highest-Rated Ally . | . . . . . Total Orders . | . . . . . Ally Attacks . | . . . . . Total Damage . | . . . . . Kills . | . . . . . Allies Corrupted . | . . . . . Allies Melted . | . . . . . Intel | -11 -10 -10 -10 -9 ------- Run | Yrd Mat Min Exi Min Active Infowar (turns) 1828 | 36 1161 125 427 79 Seismic 1828 | 36 1161 125 427 79 Robot Analysis Total . | . . . . . Derelict Logs Recovered 1 | . . 1 . . Drone Launches . | . . . . . Drone Recoveries . | . . . . . Exploration | -11 -10 -10 -10 -9 ------------- Run | Yrd Mat Min Exi Min Turns Passed 2233 | 162 1161 125 434 351 Spaces Moved 1063 | 80 504 63 351 65 Core 19 | 15 . . . 4 Treads 616 | 65 504 47 . . Legs . | . . . . . Wheels 428 | . . 16 351 61 Hover . | . . . . . Flight . | . . . . . Fastest Speed 50 | 50 160 110 110 140 Average Speed 146 | 139 160 148 119 191 Slowest Speed 900 | 160 240 240 140 900 Overloaded Moves . | . . . . . Propulsion Burnouts . | . . . . . Robots Hopped . | . . . . . Potential Cave-ins . | . . . . . Cave-ins Triggered . | . . . . . Exploration Rate (%) 37 | 7 80 24 68 10 Regions Visited 4 Branch Regions 3 Pre-discovered Areas 2 | . 1 . 1 . Known Exits Taken 2 | . 1 1 . . Unknown Exits Taken 2 | 1 . . 1 . Scrap Searched 1 | . . 1 . . Spaces Dug . | . . . . . Terrain Destroyed . | . . . . . Melee . | . . . . . Projectile . | . . . . . AOE . | . . . . . Terrain Rammed . | . . . . . Walls Destroyed . | . . . . . Machines Disabled . | . . . . . Actions | -11 -10 -10 -10 -9 --------- Run | Yrd Mat Min Exi Min Total 1605 | 109 800 83 367 246 Wait 385 | . 237 9 1 138 Move 1059 | 79 503 62 350 65 Hop . | . . . . . Pick Up 36 | 11 16 . 7 2 Fast Attach 8 | . 5 . 1 2 Attach 19 | 7 . 4 2 6 Detach 2 | . . . 2 . Swap 4 | . 2 . 1 1 Drop 10 | . 6 . 3 1 Fire 82 | 12 31 8 . 31 Melee . | . . . . . Ram . | . . . . . Kick . | . . . . . Crush . | . . . . . Escape Stasis . | . . . . . Rewire . | . . . . . Trap . | . . . . . Miscellaneous . | . . . . . Route ------- -11/Scrapyard -10/Materials (discovered 6 exits: *Mat x3 / *Min x2 / *Sub) -10/Mines (discovered 4 exits: Mat x2 / *Exi / Sub) -10/Exiles -9/Mines (discovered 1 exit: Mat) History --------- Turn | Location | Event 48 | -11/Scrapyard | Discovered new exit (range 15) 163 | -11/Scrapyard | Entered Materials 164 | -10/Materials | Met a group of wandering Federalists 300 | -10/Materials | Build established: Mutant 616 | -10/Materials | Discovered new exit (range 14) 700 | -10/Materials | Discovered new exit (range 9) 992 | -10/Materials | Discovered new exit (range 5) 1005 | -10/Materials | Learned location of 2 exits from Mines 1069 | -10/Materials | Identified exit to Materials 1090 | -10/Materials | Discovered new exit (range 14) 1196 | -10/Materials | Identified exit to Mines 1289 | -10/Materials | Learned location of Recycling (-8) 1324 | -10/Materials | Entered Mines 1326 | -10/Mines | Identified exit to Exiles 1326 | -10/Mines | Identified exit to Subcaves 1331 | -10/Mines | Met a Derelict bent on vengeance 1334 | -10/Mines | Learned 2 Materials zone layouts 1362 | -10/Mines | Assembled infested the area 1397 | -10/Mines | Core integrity fell below 50% 1445 | -10/Mines | Deemed a non-threat by the Exiles lab entrance 1446 | -10/Mines | Lost 4 parts (1p2n1w) 1449 | -10/Mines | Entered Exiles 1477 | -10/Exiles | Met 8R-AWN 1496 | -10/Exiles | Met EX-HEX 1562 | -10/Exiles | Met EX-DEC 1581 | -10/Exiles | Learned location of Zion (-6) 1665 | -10/Exiles | Met EX-BIN 1681 | -10/Exiles | Aligned with FarCom system 1682 | -10/Exiles | Given EX-Vault access code 1707 | -10/Exiles | Opened EX-Vault 1716 | -10/Exiles | Found Longsword +1 1724 | -10/Exiles | Found Superbattery 1727 | -10/Exiles | Found XL Autogun Array 1757 | -10/Exiles | Warned to stay clear of 0b10 Research branches 1866 | -10/Exiles | Discovered new exit (range 14) 1883 | -10/Exiles | Stole three prototypes: Longsword +1, Superbattery, XL Autogun Array 1883 | -10/Exiles | Entered Mines 1884 | -9/Mines | Identified exit to Materials 1989 | -9/Mines | Core integrity fell below 20% 2021 | -9/Mines | Lost 4 parts (2n1u1w) 2234 | -9/Mines | Destroyed by G-34 Mercenary with Small Laser Last Messages --------------- 02017_ DUJCR0K96Z9M>N3WIV2LIGQ 02020_ Acquired 15 matter. 02037_ R-06 Scavenger collects Imp. Heat Sink. 02038_ Acquired Wheel. 02045_ Acquired 19 matter. 02065_ System corrupted: Component data lost. 02189_ K-01 Serf collects debris. 02203_ System corrupted: Matter fused (-5). 02203_ K-01 Serf collects debris. 02209_ Med. Armor Plating destroyed. 02212_ K-01 Serf collects debris. 02212_ Ion Engine destroyed. 02214_ Lgt. Assault Rifle destroyed. 02216_ K-01 Serf collects debris. 02228_ Med. Armor Plating destroyed. 02229_ Wheel severed. 02230_ K-01 Serf collects debris. 02234_ System corrupted: Matter fused (-6). 02234_ K-01 Serf collects debris. Map ----- +----------------------------------------------------+ | | | | | | | | | | | | | | | | | | | | | | | | | | | | | | | ?????????????????????????????????????????????????? | | ?????????????????????????????????????????????????? | | ???????############??????????????????????????????? | | ???????# #??????###?????????????????????? | | ???????# #????## ##????????????????????? | | ???????# ###### ##???????????????????? | | ???????# [ #???????????????????? | | ???????# """ """ #???????????????????? | | ???????# """ """ #####k ##???????????????????? | | ???????# """ """ #??## ##????????????????????? | | ???????# #?## @##?????????????????????? | | ???????############?# gl##??????????????????????? | | ????????????????????# ##???????????????????????? | | ???????????????????## ##????????????????????????? | | ???????????????????# * #?????????????????????????? | | ???????????????????# #?????????????????????????? | | ???????????????????# #?????????????????????????? | | ???????????????????# #????????????????????????? | | ???????????????????# #???????????????????????? | | ???????????????????## ??????????????????????? | | ????????????????????# = ?????????????????????? | | ??????????????????s? !% ????????????????????? | | ???????????????????? ##???????????????????? | | ???????????????????## ##????????????????????? | | ????????????????????## %#?????????????????????? | | ??????????????????????# ?????????????????????? | | ??????????????????????? ?????????????????????? | | ??????????????????????? ????????????????????? | | ???????????????????????# ????????????????????? | | ????????????????????????## ???????????????????? | | ??????????????????????????#??????????????????????? | | ?????????????????????????????????????????????????? | | ?????????????????????????????????????????????????? | | ?????????????????????????????????????????????????? | | ?????????????????????????????????????????????????? | +----------------------------------------------------+ Best States ------------- Heat Dissipation 25 Energy Generation 10 Energy Capacity 250 Matter Stores 300 Matter Capacity 300 Sight Range 16 Terrain Scan Density 10 Armor Coverage 225 Evasion (%) 40 Recoil Reduction 2 Item Schematics ----------------- None Robot Schematics ------------------ None Fabricated ------------ Nothing Repaired ---------- Nothing Studied --------- None Alien Tech Used ----------------- None Achievements -------------- None Challenges ------------ None Game ------ Seed SingularityPiercingDirector Manual? 0 Play Time 00:11:28 Cumulative 476.6 hours Start 2025.11.06 @ 16:07:11 End 2025.11.06 @ 16:44:48 Sessions 3 Manual Loads 0 Difficulty Rogue Special Mode None Game No. 606 Rogue 606 Adventurer 0 Explorer 0 Win Type - Total 14 Types 6/0/2/2/1/0/2/1/0/0 Lore% 90 Gallery% 85 Achievement% 63 Wizard Run 0 Options --------- Layout 2 ASCII 0 Keyboard 0 Movement Mouse Keybinds 0 Fullscreen 1 Font 24/Smallcaps Map View 50x49 Zoom Use 0% Tactical HUD 1 Map Filters NONE Filters NONE Steam 1 RUN: 7b61b79c-448f-44b4-ae46-15d0ae620b57